[Event "Titled Tuesday Blitz April 4 Early 2023"]
[White "De Souza, Cristiano Gomes"]
[Black "Sargissyan, Sargis"]
[WhiteFideId "2151758"]
[BlackFideId "13303210"]
[WhiteElo "2068"]
[BlackElo "2109"]
[Result "0-1"]
[Round "06"]
[TimeControl "180+2"]
[Date "2023.04.04"]
[WhiteClock "0:00:08"]
[BlackClock "0:00:08"]

1. d4 Nf6 2. c4 g6 3. Nf3 Bg7 4. Nc3 O-O 5. e4 d6 6. Be2 e5 7. O-O Nc6 8. d5 Ne7 9. Ne1 Nd7 10. Be3 f5 11. f3 f4 12. Bf2 g5 13. Nb5 Nf6 14. Nxa7 Bd7 15. c5 g4 16. cxd6 cxd6 17. Qb3 g3 18. Bb6 Qe8 19. hxg3 fxg3 20. Nd3 Qh5 21. Rfc1 Qh2+ 22. Kf1 Ng4 23. Ke1 Bh6 24. Kd1 Qxg2 25. fxg4 Bxg4 26. Rc2 Rf1+ 27. Ne1 Raf8 28. Qd3 Qh1 29. Ba5 g2 30. Bxg4 g1=Q 31. Be6+ Kh8 32. Qe2 Qd4+ 33. Bd2 Rxe1+ 34. Qxe1 Qxe1+ 35. Kxe1 Qg1+ 36. Ke2 Qg4+ 37. Kd3 Rf3+ 38. Kc4 Qxe4+ 39. Kb5 Qxc2 40. Bxh6 Qxb2+ 41. Ka5 Ra3# 0-1


[Site "https://www.chess.com"]

[Event "Titled Tuesday Blitz April 4 Early 2023"]
[White "Tsotsonava, Elene"]
[Black "Kubatko, Ivan"]
[WhiteFideId "13615939"]
[BlackFideId "24111473"]
[WhiteElo "1829"]
[BlackElo "2285"]
[Result "1-0"]
[Round "06"]
[TimeControl "180+2"]
[Date "2023.04.04"]
[WhiteClock "0:00:16"]
[BlackClock "0:00:03"]

1. e4 d5 2. exd5 Qxd5 3. Nc3 Qa5 4. d4 Nf6 5. Nf3 Bg4 6. h3 Bh5 7. g4 Bg6 8. Bg2 Nc6 9. Bd2 O-O-O 10. g5 Nh5 11. Ne2 Qb6 12. Bc3 e5 13. d5 Bc5 14. O-O Rhe8 15. Nd2 Nb4 16. Nc4 Qb5 17. Nxe5 Bxc2 18. Qd2 f6 19. a3 fxe5 20. axb4 Bd3 21. bxc5 Bxe2 22. Rfe1 Nf4 23. Ra5 Qd3 24. Qxd3 Bxd3 25. Rxe5 Ne2+ 26. Kh2 Nxc3 27. Rxe8 Rxe8 28. bxc3 a6 29. d6 Re5 30. d7+ Kxd7 31. c6+ 1-0


[Site "https://www.chess.com"]

[Event "Titled Tuesday Blitz April 4 Early 2023"]
[White "lluiss"]
[Black "Maxfan2008"]
[WhiteElo "2224"]
[BlackElo "2430"]
[Result "1-0"]
[Round "06"]
[TimeControl "180+2"]
[Date "2023.04.04"]
[WhiteClock "0:02:01"]
[BlackClock "0:01:31"]

1. c4 c6 2. d4 d5 3. cxd5 cxd5 4. Nc3 Nf6 5. Nf3 Nc6 6. Bf4 a6 7. e3 Bf5 8. Bd3 Bg6 9. O-O e6 10. h3 Bd6 11. Bxd6 Qxd6 12. Ne1 O-O 13. Bxg6 hxg6 14. Nd3 Rfc8 15. Qd2 Na5 16. b3 b5 17. Nxd5 Nxd5 18. Qxa5 Rc3 19. Nc5 Rc2 20. Rfc1 Re2 21. Re1 Rb2 22. Rab1 Rc2 23. Rbc1 Rb2 24. Nd3 1-0


[Site "https://www.chess.com"]

[Event "Titled Tuesday Blitz April 4 Early 2023"]
[White "Kashtanov, Ruslan"]
[Black "Arcos Facio, Mateo"]
[WhiteFideId "4124871"]
[BlackFideId "3001199"]
[WhiteElo "2276"]
[BlackElo "2156"]
[Result "0-1"]
[Round "06"]
[TimeControl "180+2"]
[Date "2023.04.04"]
[WhiteClock "0:00:01"]
[BlackClock "0:00:17"]

1. d4 g6 2. c4 Bg7 3. e4 d6 4. Nc3 Nd7 5. Nf3 e5 6. Be3 Ne7 7. h4 h6 8. Qd2 f5 9. dxe5 dxe5 10. O-O-O f4 11. Bc5 Nc6 12. Ba3 Nf8 13. Nd5 Ne6 14. Be2 Kf7 15. g3 g5 16. hxg5 hxg5 17. Rxh8 Qxh8 18. gxf4 gxf4 19. Rg1 Ned4 20. Nxc7 Rb8 21. Ng5+ Kg8 22. Bd6 Qh2 23. Rf1 Qg2 24. c5 Qxg5 25. Bc4+ Kh7 26. Rh1+ Bh6 27. Ne8 Qg2 28. Rxh6+ Kxh6 0-1


[Site "https://www.chess.com"]

[Event "Titled Tuesday Blitz April 4 Early 2023"]
[White "Iljin, Timofey"]
[Black "Yonal, Timur"]
[WhiteFideId "14110180"]
[BlackFideId "44115725"]
[WhiteElo "2382"]
[BlackElo "1966"]
[Result "1/2-1/2"]
[Round "06"]
[TimeControl "180+2"]
[Date "2023.04.04"]
[WhiteClock "0:00:05"]
[BlackClock "0:00:03"]

1. e4 c5 2. c3 Nf6 3. e5 Nd5 4. d4 cxd4 5. cxd4 d6 6. Nf3 Nc6 7. Bc4 Nb6 8. Bxf7+ Kxf7 9. e6+ Kg8 10. d5 Ne5 11. Nxe5 dxe5 12. Nc3 Nc4 13. O-O Nd6 14. Be3 g6 15. Rc1 Bg7 16. Re1 h6 17. h4 h5 18. Bg5 Kh7 19. g4 Qe8 20. gxh5 gxh5 21. Re3 Bf6 22. Rg3 Rg8 23. Qd3+ Qg6 24. Qf3 e4 25. Qf4 Qf5 26. Qe3 Nc4 27. Qxe4 Nd6 28. Qe3 Bxc3 29. Rxc3 Ne4 30. Rc7 Nxg3 31. Rxe7+ Kg6 32. fxg3 Rf8 33. Bf4 b6 34. Qd4 Qf6 35. Qe4+ Qf5 36. Qd4 Rf6 37. d6 Bb7 38. Rxb7 Qb1+ 39. Kh2 Qc2+ 40. Kh3 Rc8 41. Rc7 Qf5+ 42. Kh2 Rxc7 43. dxc7 Qxe6 44. Qd3+ Rf5 45. Be3 Kf6 46. Bd4+ Kg6 47. Be3 Kf7 48. Bf4 Kg6 49. Qd8 Qe2+ 50. Kg1 Qe1+ 51. Kh2 Qe2+ 52. Kg1 Qe1+ 53. Kg2 Qe2+ 54. Kg1 1/2-1/2


[Site "https://www.chess.com"]

[Event "Titled Tuesday Blitz April 4 Early 2023"]
[White "Meduri, Aakaash"]
[Black "Semenova, Alina"]
[WhiteFideId "2032252"]
[BlackFideId "24113875"]
[WhiteElo "2113"]
[BlackElo "1833"]
[Result "0-1"]
[Round "06"]
[TimeControl "180+2"]
[Date "2023.04.04"]
[WhiteClock "0:00:34"]
[BlackClock "0:00:22"]

1. e4 e5 2. Nf3 Nf6 3. Nxe5 d6 4. Nf3 Nxe4 5. d4 d5 6. Bd3 Bd6 7. c4 c6 8. Nc3 Nxc3 9. bxc3 O-O 10. O-O Bg4 11. h3 Bh5 12. cxd5 cxd5 13. Be2 Nd7 14. Qb3 Nb6 15. Ba3 Bxa3 16. Qxa3 Qf6 17. Rfe1 Rfe8 18. Rab1 Bxf3 19. Bxf3 Nc4 20. Qc5 Nd2 21. Rxe8+ Rxe8 22. Rc1 Nxf3+ 23. gxf3 Qxf3 24. Qxa7 h5 25. Qxb7 Re6 26. Qb8+ Kh7 27. Qb5 Rg6+ 28. Kf1 Qh1+ 29. Ke2 Qxc1 0-1


[Site "https://www.chess.com"]

[Event "Titled Tuesday Blitz April 4 Early 2023"]
[White "Vargas Rodriguez, Wilver"]
[Black "Harriott, Tyrell"]
[WhiteFideId "3509672"]
[BlackFideId "2086484"]
[WhiteElo "2224"]
[BlackElo "2107"]
[Result "1-0"]
[Round "06"]
[TimeControl "180+2"]
[Date "2023.04.04"]
[WhiteClock "0:00:17"]
[BlackClock "0:00:33"]

1. e4 d6 2. Nf3 Nf6 3. d3 e5 4. g3 Be7 5. Bg2 O-O 6. O-O Nbd7 7. Be3 Re8 8. Nbd2 c6 9. c3 Qc7 10. d4 Nf8 11. Nc4 Ng6 12. a4 Bd7 13. Qb3 Be6 14. Nfd2 Reb8 15. Qc2 Qc8 16. b4 Bh3 17. dxe5 dxe5 18. Nf3 Bxg2 19. Kxg2 Nf4+ 20. Bxf4 exf4 21. e5 Ne8 22. Rad1 Qe6 23. Qe4 fxg3 24. hxg3 g6 25. Ne3 f5 26. Qf4 Ng7 27. Nd4 Qf7 28. Rh1 g5 29. Qf3 Rf8 30. Rh6 g4 31. Qf4 Nh5 32. Rxh5 Qxh5 33. Ne6 Rf7 34. Rh1 Qg6 35. Qc4 Bf8 36. Nf4 Qg7 37. Nxf5 Qg5 38. Nd6 Bxd6 39. exd6 Rf8 40. d7 Kh8 41. Qe6 Qe7 42. Qxe7 Rxe7 43. Ng6+ Kg7 44. Nxe7 Rd8 45. Nf5+ Kf6 46. Nd4 Rxd7 47. Rh6+ Kg5 48. Rh4 b6 49. Ne2 h5 50. Nf4 Rh7 51. Ne6+ Kf6 52. Nd4 Ke5 53. Ne2 Kf5 54. Nf4 Kg5 55. Ne6+ Kf6 56. Nd4 Ke5 57. Nxc6+ Kf6 58. Nd4 Kg5 59. Ne2 Rh6 60. Nf4 Rh7 61. Rxh5+ Rxh5 62. Nxh5 Kxh5 63. c4 Kg5 64. c5 bxc5 65. bxc5 Kf5 66. f3 gxf3+ 67. Kxf3 Ke5 68. g4 Kd5 69. g5 Kxc5 70. g6 Kd6 71. g7 Kc5 72. g8=Q Kb4 73. Qg4+ Ka5 74. Ke3 a6 75. Kd3 Kb6 76. Qb4+ Ka7 77. Qa5 Kb7 78. Kc4 Ka7 79. Kc5 Kb7 80. Qb6+ Ka8 81. Qxa6+ Kb8 82. Qd6+ Kb7 83. Qc6+ Kb8 84. Qd7 Ka8 85. Kb6 1-0


[Site "https://www.chess.com"]

[Event "Titled Tuesday Blitz April 4 Early 2023"]
[White "Padmini, Rout"]
[Black "Toktomushev, Teimur"]
[WhiteFideId "5029295"]
[BlackFideId "14176726"]
[WhiteElo "2314"]
[BlackElo "2116"]
[Result "1-0"]
[Round "06"]
[TimeControl "180+2"]
[Date "2023.04.04"]
[WhiteClock "0:01:03"]
[BlackClock "0:00:02"]

1. e4 c5 2. Nf3 e6 3. d4 cxd4 4. Nxd4 a6 5. c4 Nf6 6. Nc3 Qc7 7. Be2 b6 8. O-O Bb7 9. f3 Bd6 10. Kh1 Be7 11. Be3 O-O 12. Rc1 d6 13. b4 Nbd7 14. Nb3 Rac8 15. Qe1 Qb8 16. Qf2 Ba8 17. a3 Rfd8 18. Na4 Rc6 19. Nd4 Rc7 20. Nxb6 Nxb6 21. Nxe6 fxe6 22. Bxb6 Rdc8 23. Bxc7 Rxc7 24. Rc2 Nd7 25. Rfc1 Ne5 26. Qg3 Bc6 27. c5 Ba4 28. Rc3 Rc8 29. f4 Ng6 30. Bc4 Kh8 31. Bxe6 Rc7 32. cxd6 Bxd6 33. e5 Rxc3 34. Qxc3 Bf8 35. Qc8 Qxc8 36. Rxc8 1-0


[Site "https://www.chess.com"]

[Event "Titled Tuesday Blitz April 4 Early 2023"]
[White "Romero Ruscalleda, Josep"]
[Black "Shuvalov, Evgenij"]
[WhiteFideId "2231859"]
[BlackFideId "4187237"]
[WhiteElo "2183"]
[BlackElo "2080"]
[Result "0-1"]
[Round "06"]
[TimeControl "180+2"]
[Date "2023.04.04"]
[WhiteClock "0:00:09"]
[BlackClock "0:00:43"]

1. e4 e6 2. d4 d5 3. e5 c5 4. c3 Nc6 5. Be3 Qb6 6. Qd2 Nh6 7. Nf3 Nf5 8. dxc5 Qc7 9. Bd4 Ncxd4 10. cxd4 b6 11. cxb6 Qxb6 12. Nc3 Ba6 13. Bxa6 Qxa6 14. Qe2 Qxe2+ 15. Kxe2 Be7 16. g4 Nh4 17. Nxh4 Bxh4 18. Rhc1 Kd7 19. Nb5 Rhc8 20. Nd6 Rxc1 21. Rxc1 Rb8 22. b3 Rb4 23. Ke3 f6 24. f4 fxe5 25. dxe5 Be7 26. Nc8 Bd8 27. h3 g5 28. f5 exf5 29. gxf5 Re4+ 30. Kd3 Rxe5 31. Nxa7 Rxf5 32. Nc6 Bb6 33. Nd4 Rf4 34. Ne2 Rf3+ 35. Kd2 Rxh3 36. Rf1 Ke6 37. Rf8 h5 38. Rg8 Be3+ 39. Kc2 h4 40. a4 Rf3 41. a5 h3 42. a6 Rf1 43. Ng3 Ra1 44. Kd3 Bf4 45. Ne2 h2 46. Nxf4+ gxf4 47. a7 h1=Q 48. a8=Q Qe4+ 49. Kc3 Qe3+ 50. Kb4 Qb6+ 51. Kc3 Rxa8 52. Rg6+ Ke5 53. Rxb6 f3 54. Kd2 Ra2+ 55. Ke1 Ke4 56. b4 d4 57. b5 Rb2 58. Rb8 Ke3 59. Re8+ Kd3 60. Rf8 f2+ 61. Rxf2 Rb1# 0-1


[Site "https://www.chess.com"]

[Event "Titled Tuesday Blitz April 4 Early 2023"]
[White "Nery Junior, Jose Antonio"]
[Black "Jovic, Stanoje"]
[WhiteFideId "2104822"]
[BlackFideId "905020"]
[WhiteElo "2197"]
[BlackElo "2236"]
[Result "1-0"]
[Round "06"]
[TimeControl "180+2"]
[Date "2023.04.04"]
[WhiteClock "0:01:10"]
[BlackClock "0:00:40"]

1. e4 c6 2. d4 d5 3. exd5 cxd5 4. c4 Nf6 5. Nc3 Nc6 6. Bg5 dxc4 7. Bxc4 e6 8. Nf3 Be7 9. O-O O-O 10. Qd2 a6 11. Rad1 b5 12. Bd3 Bb7 13. Bb1 Rc8 14. Rfe1 Na5 15. Ne5 Nc4 16. Nxc4 Rxc4 17. a4 b4 18. Bxf6 bxc3 19. Qd3 g6 20. Bxe7 Qd5 21. f3 Rfc8 22. bxc3 Rxc3 23. Qe4 Qb3 24. Qh4 Rxf3 25. gxf3 Qxf3 26. Be4 Bxe4 27. Qxe4 Qb3 28. Bf6 h6 29. Qf4 g5 30. Qg3 Rc3 31. Qg4 Qxa4 32. Qh5 1-0


[Site "https://www.chess.com"]

[Event "Titled Tuesday Blitz April 4 Early 2023"]
[White "Baches Garcia, Guillermo"]
[Black "Arat, Ufuk Sezen"]
[WhiteFideId "2209764"]
[BlackFideId "6309089"]
[WhiteElo "2460"]
[BlackElo "2289"]
[Result "1-0"]
[Round "06"]
[TimeControl "180+2"]
[Date "2023.04.04"]
[WhiteClock "0:00:16"]
[BlackClock "0:00:04"]

1. e4 c5 2. Nf3 e6 3. d4 cxd4 4. Nxd4 Nc6 5. Nc3 Qc7 6. Be3 a6 7. g4 b5 8. Nxc6 dxc6 9. Qf3 Bb7 10. O-O-O e5 11. g5 h6 12. h4 hxg5 13. hxg5 Rxh1 14. Qxh1 Rd8 15. Bd3 Ne7 16. f3 Ng6 17. Qg1 c5 18. Be2 Rxd1+ 19. Qxd1 Be7 20. Nd5 Qd8 21. Nxe7 Qxe7 22. Qg1 c4 23. Bc5 Qd7 24. Qh2 Qe6 25. Bf1 Nf4 26. Qh8+ Kd7 27. Qxg7 Qg6 28. Qxe5 Ne6 29. Bh3 Qg8 30. Be3 Qh7 31. Bf5 Qh1+ 32. Kd2 Qxf3 33. g6 Qg2+ 34. Kc3 b4+ 35. Kxb4 a5+ 36. Kxa5 Qxc2 37. gxf7 Qb1 38. Qxe6+ Kc7 39. Bb6+ 1-0


[Site "https://www.chess.com"]

[Event "Titled Tuesday Blitz April 4 Early 2023"]
[White "Moral Garcia, Serafin"]
[Black "Tagliata"]
[WhiteFideId "2201925"]
[WhiteElo "2274"]
[BlackElo "2292"]
[Result "1-0"]
[Round "06"]
[TimeControl "180+2"]
[Date "2023.04.04"]
[WhiteClock "0:00:33"]
[BlackClock "0:00:10"]

1. e4 c5 2. Nf3 Nc6 3. Bb5 Nf6 4. Nc3 g6 5. O-O Bg7 6. Bxc6 dxc6 7. d3 O-O 8. Be3 b6 9. a4 a5 10. Qd2 Ng4 11. Bf4 e5 12. Bg5 f6 13. Bh4 Nh6 14. Ne1 g5 15. Bg3 Nf7 16. Qe2 h6 17. Nf3 Bg4 18. h3 Bh5 19. Qe3 Qd7 20. Nd2 Nd8 21. Nc4 Rb8 22. Ra3 Ne6 23. Rb3 Qc7 24. Ra3 Nd4 25. Qd2 b5 26. axb5 cxb5 27. Nd5 Qd8 28. Nxa5 b4 29. Raa1 Bf7 30. c3 bxc3 31. bxc3 Nb3 32. Nxb3 Rxb3 33. c4 Be6 34. f3 f5 35. Bf2 Qd6 36. Rfb1 Rfb8 37. Rxb3 Rxb3 38. Ra5 Rb1+ 39. Kh2 g4 40. Bxc5 Qd8 41. Ra6 Bc8 42. Ra8 Kh7 43. Ne7 f4 44. fxg4 Bf6 45. Rxc8 Bh4 46. g3 Bxg3+ 47. Kg2 Qd7 48. Rf8 Qa4 49. Rf7+ Kh8 50. Nf5 Kg8 51. Ra7 Rd1 52. Rxa4 Rxd2+ 53. Kf1 Rd1+ 54. Ke2 Re1+ 55. Kd2 Rh1 56. Nxg3 fxg3 57. Ra6 Rxh3 58. Re6 Kg7 59. Rxe5 Rh2+ 60. Kc3 g2 61. Rf5 Rh1 62. e5 Rf1 63. e6 Rxf5 64. gxf5 Kf6 65. Bg1 h5 66. d4 h4 67. d5 h3 68. d6 Ke5 69. d7 h2 70. Bxh2+ Kf6 71. d8=Q+ Kxf5 72. Qd5+ Kg4 73. Qxg2+ 1-0


[Site "https://www.chess.com"]

[Event "Titled Tuesday Blitz April 4 Early 2023"]
[White "Fajdetic, Hrvoje"]
[Black "Bas Mas, Jose Joaquin"]
[WhiteFideId "14501945"]
[BlackFideId "22219064"]
[WhiteElo "2185"]
[BlackElo "2233"]
[Result "1-0"]
[Round "06"]
[TimeControl "180+2"]
[Date "2023.04.04"]
[WhiteClock "0:01:43"]
[BlackClock "0:01:25"]

1. f4 d5 2. Nf3 Nf6 3. e3 c5 4. Nc3 Nc6 5. Bb5 Bg4 6. O-O g6 7. Qe1 Bxf3 8. Rxf3 Bg7 9. Bxc6+ bxc6 10. d3 O-O 11. Na4 Nd7 12. Rb1 Rb8 13. b3 e5 14. Ba3 Re8 15. f5 e4 16. Rf1 exd3 17. cxd3 Rxe3 18. Qxe3 Bd4 19. Qxd4 cxd4 20. fxg6 hxg6 21. Rf4 Qg5 22. Rbf1 Ne5 23. Bd6 Re8 24. Bxe5 Rxe5 25. Rxf7 Re2 26. Rf8+ Kh7 27. R1f7+ Kh6 28. Rh8# 1-0


[Site "https://www.chess.com"]

[Event "Titled Tuesday Blitz April 4 Early 2023"]
[White "Alberto, Manuel"]
[Black "Vivas Zamora, Fabian Ernesto"]
[WhiteFideId "10100148"]
[BlackFideId "3902480"]
[WhiteElo "2166"]
[BlackElo "2262"]
[Result "1-0"]
[Round "06"]
[TimeControl "180+2"]
[Date "2023.04.04"]
[WhiteClock "0:00:37"]
[BlackClock "0:00:01"]

1. e4 c5 2. Nf3 d6 3. d4 cxd4 4. Qxd4 Nc6 5. Bb5 Bd7 6. Bxc6 Bxc6 7. Nc3 Nf6 8. Bg5 e6 9. O-O-O Be7 10. Rhe1 O-O 11. Qd3 Qa5 12. h4 a6 13. Nd4 Rfc8 14. Nb3 Qb6 15. Be3 Qc7 16. f3 b5 17. g4 b4 18. Ne2 a5 19. g5 Nd7 20. Kb1 a4 21. Nbd4 Ne5 22. Qd2 Nc4 23. Qc1 b3 24. cxb3 axb3 25. axb3 Nxe3 26. Qxe3 Qa5 27. Nc3 Bb7 28. f4 d5 29. exd5 Bb4 30. dxe6 fxe6 31. Rc1 Bxc3 32. Rxc3 Qa1+ 33. Kc2 Qa2 34. Qxe6+ 1-0


[Site "https://www.chess.com"]

[Event "Titled Tuesday Blitz April 4 Early 2023"]
[White "Mikhaylova, Irina"]
[Black "Lach, Aleksandra"]
[WhiteFideId "4109040"]
[BlackFideId "1134299"]
[WhiteElo "1975"]
[BlackElo "2111"]
[Result "0-1"]
[Round "06"]
[TimeControl "180+2"]
[Date "2023.04.04"]
[WhiteClock "0:00:36"]
[BlackClock "0:01:29"]

1. d4 f5 2. Nf3 Nf6 3. g3 g6 4. Bg2 Bg7 5. O-O O-O 6. b3 d5 7. Bb2 e6 8. c4 c6 9. Ne5 Nbd7 10. Nxd7 Bxd7 11. Nd2 Qe7 12. Nf3 Be8 13. Ne5 Nd7 14. f4 Nxe5 15. dxe5 Bf7 16. cxd5 cxd5 17. Qd4 Rfc8 18. Rac1 Bf8 19. Rfd1 b6 20. e3 Qb7 21. Qd2 Qa6 22. a3 Qb5 23. b4 a5 24. Bf1 Qa4 25. bxa5 bxa5 26. Bd3 Bc5 27. Bc2 Qb5 28. Bd4 Bxa3 29. Rb1 Bb4 30. Qd3 Qc6 31. Ra1 Qxc2 32. Qxc2 Rxc2 0-1


[Site "https://www.chess.com"]

[Event "Titled Tuesday Blitz April 4 Early 2023"]
[White "Kielinkei"]
[Black "Kornyukov, Alexey"]
[BlackFideId "4150457"]
[WhiteElo "2412"]
[BlackElo "2352"]
[Result "0-1"]
[Round "06"]
[TimeControl "180+2"]
[Date "2023.04.04"]
[WhiteClock "0:02:17"]
[BlackClock "0:02:27"]

1. Nf3 Nf6 2. g3 g6 3. b3 Bg7 4. Bb2 O-O 5. Bg2 b6 6. c4 Bb7 7. O-O c5 8. d3 Nc6 9. Nc3 Nd4 10. e3 Nxf3+ 11. Bxf3 Bxf3 12. Qxf3 e5 13. Nd5 Nxd5 14. Qxd5 d6 15. f4 exf4 16. Bxg7 Kxg7 17. Rxf4 Qe7 18. Re4 Qd7 19. Rf1 Rae8 20. Kg2 Rxe4 21. Qd4+ Rxd4 0-1


[Site "https://www.chess.com"]

[Event "Titled Tuesday Blitz April 4 Early 2023"]
[White "Tarasova, Viktoriya"]
[Black "Pirvulescu, Ekaterina"]
[WhiteFideId "4175840"]
[BlackFideId "13506374"]
[WhiteElo "2182"]
[BlackElo "2006"]
[Result "1-0"]
[Round "06"]
[TimeControl "180+2"]
[Date "2023.04.04"]
[WhiteClock "0:00:06"]
[BlackClock "0:00:03"]

1. d4 d6 2. c4 e5 3. Nc3 exd4 4. Qxd4 Nc6 5. Qd2 Nf6 6. b3 Be7 7. Bb2 O-O 8. e4 Re8 9. Bd3 Ne5 10. Nge2 Nxd3+ 11. Qxd3 Qd7 12. O-O b6 13. Ng3 Bb7 14. Rfe1 Rad8 15. Rad1 a6 16. f3 Bf8 17. Nf5 g6 18. Ng3 Bg7 19. Ba1 Qc6 20. Nd5 Nxd5 21. cxd5 Qb5 22. Bxg7 Kxg7 23. Qd4+ Kg8 24. Rc1 c5 25. dxc6 Bxc6 26. a4 Qa5 27. Red1 Ba8 28. Rc7 b5 29. Rdc1 bxa4 30. bxa4 Qe5 31. Qa7 Qf6 32. Qxa6 Qd4+ 33. Kh1 d5 34. exd5 Rxd5 35. h3 Qf2 36. Rc8 Rdd8 37. Rxd8 Rxd8 38. Kh2 Bxf3 39. Qf1 Qxf1 40. Rxf1 Bc6 41. Ra1 Ra8 42. a5 Bb7 43. Kh1 Ba6 44. Kg1 Rb8 45. Ne4 Rb2 46. Nc5 1-0


[Site "https://www.chess.com"]

[Event "Titled Tuesday Blitz April 4 Early 2023"]
[White "Melikhov, Evgeny V."]
[Black "Winkels, Marcel"]
[WhiteFideId "4122046"]
[BlackFideId "1003887"]
[WhiteElo "2158"]
[BlackElo "1900"]
[Result "1-0"]
[Round "06"]
[TimeControl "180+2"]
[Date "2023.04.04"]
[WhiteClock "0:00:23"]
[BlackClock "0:00:02"]

1. d4 Nf6 2. c4 g6 3. Nc3 d5 4. cxd5 Nxd5 5. e4 Nxc3 6. bxc3 c5 7. Bc4 Bg7 8. Ne2 O-O 9. Be3 Nc6 10. h4 Na5 11. Bd3 b6 12. h5 cxd4 13. cxd4 Bb7 14. Qd2 Re8 15. hxg6 hxg6 16. Bh6 Bh8 17. Qg5 e5 18. Qxd8 Raxd8 19. d5 Bxd5 20. exd5 e4 21. Rd1 exd3 22. Rxd3 Bf6 23. Be3 Nc4 24. O-O Nxe3 25. fxe3 Re5 26. Rxf6 Rexd5 27. Rxd5 Rxd5 28. Nd4 Ra5 29. Rf2 Ra3 30. Re2 a6 31. Kf2 b5 32. Rb2 Kf8 33. Nc2 Ra4 34. a3 Ke7 35. Rb4 Ra5 36. Rd4 Ke6 37. Ke2 Ke5 38. Kd3 f5 39. g3 g5 40. Kc3 Ke6 41. Kb3 Ke5 42. Nb4 Ra4 43. Nd3+ Ke6 44. Nc5+ 1-0


[Site "https://www.chess.com"]

[Event "Titled Tuesday Blitz April 4 Early 2023"]
[White "Kozin, Yuri"]
[Black "Matute Escobar, Roxanny"]
[WhiteFideId "4129920"]
[BlackFideId "3926028"]
[WhiteElo "2563"]
[BlackElo "1844"]
[Result "1-0"]
[Round "06"]
[TimeControl "180+2"]
[Date "2023.04.04"]
[WhiteClock "0:01:31"]
[BlackClock "0:00:29"]

1. e4 c5 2. Nf3 d6 3. d4 cxd4 4. Nxd4 Nf6 5. Nc3 g6 6. Bc4 Bg7 7. Bb3 O-O 8. h3 Nc6 9. Be3 Bd7 10. O-O Rc8 11. Re1 a6 12. Nf3 b5 13. Nd5 Nxd5 14. exd5 Na5 15. c3 Nc4 16. Bxc4 bxc4 17. Bd4 Bf5 18. Bxg7 Kxg7 19. Qd4+ Kg8 20. Qh4 f6 21. Nd4 Bd7 22. Re2 Rf7 23. Rae1 Kf8 24. Qh6+ Ke8 25. Qf4 Qb6 26. h4 h5 27. Qe4 Rg7 28. Ne6 Bxe6 29. Qxe6 Qc5 30. Qxf6 1-0


[Site "https://www.chess.com"]

[Event "Titled Tuesday Blitz April 4 Early 2023"]
[White "Levitan, Caleb Levi"]
[Black "Mogirzan, Matei-Valeriu"]
[WhiteFideId "14332620"]
[BlackFideId "1257455"]
[WhiteElo "1963"]
[BlackElo "1733"]
[Result "1-0"]
[Round "06"]
[TimeControl "180+2"]
[Date "2023.04.04"]
[WhiteClock "0:00:11"]
[BlackClock "0:00:31"]

1. e4 e5 2. Nf3 f5 3. d4 fxe4 4. Nxe5 Nf6 5. Bc4 d5 6. Bb3 c6 7. O-O Bd6 8. Bf4 O-O 9. c4 Ng4 10. Nxg4 Bxf4 11. cxd5 Kh8 12. Nc3 Qh4 13. h3 h5 14. Ne5 Bxe5 15. dxe5 Bxh3 16. gxh3 Rf3 17. Ne2 Qg5+ 18. Kh2 Qxe5+ 19. Ng3 h4 20. Rg1 Rxf2+ 21. Kh1 hxg3 22. Rg2 e3 23. dxc6 Nxc6 24. Qg4 Rxg2 25. Qh4+ 1-0


[Site "https://www.chess.com"]

[Event "Titled Tuesday Blitz April 4 Early 2023"]
[White "Erzhanov, Arman"]
[Black "Zaichenko, Daria"]
[WhiteFideId "4138821"]
[BlackFideId "4197453"]
[WhiteElo "2138"]
[BlackElo "2039"]
[Result "1-0"]
[Round "06"]
[TimeControl "180+2"]
[Date "2023.04.04"]
[WhiteClock "0:00:59"]
[BlackClock "0:00:08"]

1. e4 c5 2. Nf3 Nc6 3. Bb5 g6 4. O-O Bg7 5. c3 Nf6 6. Qa4 O-O 7. d4 cxd4 8. cxd4 d5 9. e5 Ne4 10. Bxc6 bxc6 11. Qxc6 Bg4 12. Nbd2 Rc8 13. Qa6 Bh6 14. Nxe4 Bxc1 15. Nf6+ exf6 16. Raxc1 Rxc1 17. Rxc1 Bxf3 18. gxf3 fxe5 19. Rd1 Qg5+ 20. Kh1 Qf4 21. Qd3 exd4 22. Kg2 Qg5+ 23. Kf1 Qf4 24. Kg2 Qg5+ 25. Kh1 Qf4 26. Qxd4 Qxf3+ 27. Kg1 Re8 28. Rc1 Qe4 29. Qxe4 dxe4 30. Rc7 a5 31. Ra7 Re5 32. Kf1 f5 33. Ke2 Rc5 34. Ke3 Rc2 35. Rxa5 Rxb2 36. Ra7 Rb1 37. a4 Re1+ 38. Kf4 Re2 39. Kg3 Re1 40. a5 Rg1+ 41. Kf4 Rf1 42. Ke3 Re1+ 43. Kd2 Ra1 44. a6 h6 45. Ke3 g5 46. Kd4 Ra5 47. h3 Kh8 48. Ke3 Ra4 49. Kd2 f4 50. Kc3 Kg8 51. Kb3 Ra1 52. Kb2 Ra4 53. Kc3 Kh8 54. Kb3 Ra1 55. Kc2 Ra2+ 56. Kb3 Ra1 57. Kc4 Ra4+ 58. Kb5 Ra3 59. Re7 e3 60. fxe3 fxe3 61. Kb6 e2 62. Rxe2 Rxh3 63. a7 Ra3 64. Re5 Rxa7 65. Kxa7 Kg7 66. Kb6 Kf6 67. Re8 g4 68. Kc5 h5 69. Kd4 Kf5 70. Ke3 h4 71. Kf2 g3+ 72. Kg2 Kf4 73. Rg8 Kf5 74. Kh3 1-0


[Site "https://www.chess.com"]

[Event "Titled Tuesday Blitz April 4 Early 2023"]
[White "Simonovic, Miroslav"]
[Black "KorolDimitriy75"]
[WhiteFideId "919152"]
[WhiteElo "2042"]
[BlackElo "2443"]
[Result "0-1"]
[Round "06"]
[TimeControl "180+2"]
[Date "2023.04.04"]
[WhiteClock "0:00:22"]
[BlackClock "0:00:14"]

1. d4 Nf6 2. Bg5 Ne4 3. Bf4 c5 4. d5 Qb6 5. f3 Qxb2 6. Nd2 Nc3 7. Qc1 Qxc1+ 8. Rxc1 Nxd5 9. Bxb8 Rxb8 10. c4 Nb4 11. a3 Nc6 12. e3 g6 13. Nb3 d6 14. Bd3 Bg7 15. Ne2 Bb2 16. Rc2 Bxa3 17. Ra2 Bb4+ 18. Kf2 e6 19. Be4 a6 20. Bxc6+ bxc6 21. Na5 Kd7 22. Rd1 Kc7 23. Nb3 Bb7 24. Nd2 a5 25. Ne4 Rhd8 26. h4 Ba6 27. Rc1 Kb6 28. Ng5 Rb7 29. Nxh7 d5 30. cxd5 cxd5 31. Ng5 Bb5 32. g4 a4 33. h5 a3 34. hxg6 fxg6 35. Nxe6 Re8 36. N6f4 Bc4 37. Raa1 Rbe7 38. Rxc4 dxc4 39. Nd5+ Kb5 40. Nxe7 Rxe7 41. Rb1 Ka4 42. Nc1 Bc3 43. Ke2 Bb2 44. f4 c3 45. Kd3 Rd7+ 46. Kc4 c2 47. Rxb2 axb2 48. Nd3 c1=Q+ 0-1


[Site "https://www.chess.com"]

[Event "Titled Tuesday Blitz April 4 Early 2023"]
[White "Nugumanov, Bakhtiyar"]
[Black "Pein, Jonathan"]
[WhiteFideId "13701797"]
[BlackFideId "417092"]
[WhiteElo "2209"]
[BlackElo "2151"]
[Result "1/2-1/2"]
[Round "06"]
[TimeControl "180+2"]
[Date "2023.04.04"]
[WhiteClock "0:00:07"]
[BlackClock "0:00:09"]

1. Nf3 g6 2. g3 Bg7 3. Bg2 c5 4. c4 Nc6 5. O-O e5 6. Nc3 Nge7 7. e3 O-O 8. d3 d5 9. cxd5 Nxd5 10. Nxe5 Nxc3 11. Nxc6 Nxd1 12. Nxd8 Nxb2 13. Nxb7 Nxd3 14. Rb1 Nxc1 15. Rfxc1 Bf5 16. e4 Be6 17. a4 Rab8 18. Nxc5 Ba2 19. Rxb8 Rxb8 20. Nd7 Rd8 21. Nc5 Rd2 22. e5 Bxe5 23. Ne4 Rb2 24. Rc8+ Kg7 25. h4 Bd4 26. Rc7 Bb6 27. Rd7 Be6 28. Rd2 Rb1+ 29. Kh2 Ra1 30. Nc3 Ba5 31. Rc2 Bf5 32. Be4 Bxc3 33. Bxf5 Bd4 34. Bd7 a5 35. Bb5 Ra3 36. Kg2 h5 37. Re2 Bf6 38. Rc2 Rc3 39. Re2 Rc5 40. Rd2 Bc3 41. Re2 Bb4 42. Rb2 Rf5 43. Re2 Bc5 44. Bd3 Rd5 45. Bc4 Rd4 46. Bb5 Rd6 47. Rc2 Bb4 48. Re2 Rd2 49. Rxd2 Bxd2 50. Kf3 Kf6 51. Ke4 1/2-1/2


[Site "https://www.chess.com"]